 Dungeon Crawl Stone Soup version 0.21.3-3-g218456f21e (webtiles) character file.

21 BrokenGlass the Changer (level 2, 0/20 HPs)
             Began as an Octopode Wanderer on Apr 18, 2023.
             Slain by a goblin
             ... wielding a cursed +0 dagger
              (1 damage)
             ... on level 2 of the Dungeon.
             The game lasted 00:01:25 (965 turns).

BrokenGlass the Changer (Octopode Wanderer)          Turns: 965, Time: 00:01:26

Health: 0/20       AC:  1    Str: 11    XL:     2   Next: 83%
Magic:  3/3        EV: 12    Int: 16    God:
Gold:   40         SH:  0    Dex:  9    Spells: 3/3 levels left

rFire    . . .     SeeInvis .   a - +2 dagger
rCold    . . .     Gourm    .   (no shield)
rNeg     . . .     Faith    .   (helmet restricted)
rPois    .         Spirit   .   (no amulet)
rElec    .         Reflect  .   (no ring)
rCorr    .         Harm     .   (no ring)
MR       .....                  (no ring)
Stlth    ++........             (no ring)
HPRegen  0.06/turn              (no ring)
MPRegen  0.08/turn              (no ring)
                                (no ring)
                                (no ring)

@: very slightly contaminated, invisible (expiring)
A: almost no armour, stealthy swim, amphibious, 8 rings, constrict 8, camouflage
1, gelatinous body 1
a: no special abilities


You were on level 2 of the Dungeon.
You were not hungry.

You visited 1 branch of the dungeon, and saw 2 of its levels.

You collected 40 gold pieces.

Inventory:

Hand Weapons
 a - a +2 dagger (weapon)
 b - a +0 shortbow
Missiles
 d - 20 arrows
 l - 5 tomahawks (quivered)
 o - 6 stones
Jewellery
 k - an uncursed amulet of guardian spirit {unknown}
Scrolls
 c - a scroll of fear
 g - a scroll of amnesia {unknown}
 h - a scroll of enchant armour {unknown}
 i - a scroll of identify {unknown}
 m - a scroll of noise {unknown}
Potions
 e - 3 potions of curing
 n - a potion of flight {unknown}
Comestibles
 f - 3 rations


   Skills:
 + Level 2.7 Fighting
 - Level 2.0 Bows
 - Level 1.3 Stealth
 - Level 1.0 Spellcasting
   Level 1.0 Hexes
   Level 3.0 Transmutations
   Level 1.1 Evocations


You had 3 spell levels left.
You didn't know any spells.

Dungeon Overview and Level Annotations

Branches:
Dungeon (2/15)

Altars:
Nemelex Xobeh

Annotations:
D:2 Robin


Innate Abilities, Weirdness & Mutations

You cannot wear most types of armour.
You are very stealthy in the water. (Stealth+)
You are amphibious.
You can wear up to eight rings at the same time.
You can use your tentacles to constrict eight enemies at once.
Your skin changes colour to match your surroundings (Stealth+).
Your rubbery body absorbs attacks. (AC +1, EV +1)


Message History

You barely miss the hobgoblin. You squeeze the hobgoblin.
You kill the hobgoblin!
Unknown command.
Unknown command.
Things that are here:
a club; a hobgoblin corpse Unknown command.
A goblin comes into view. It is wielding a dagger.
Unknown command.
A goblin comes into view. It is wielding a club.
You flicker for a moment.
The goblin moves out of view.
Unknown command.
Unknown command.
You hit the goblin. Your grab misses the goblin.
The goblin is moderately wounded.
The hobgoblin hits you with a club.
* * * LOW HITPOINT WARNING * * *
The goblin hits you with a dagger.
You die...

#.....Sgg....#
.#####g#g.#.#
#.#<...#
#####g#..$.#
#.....#.#..#
#g#####.#)†#
#.# #r#..#
#.#####g#..(
#.g.Sg@.#..)(
#########.....
#..#...
#......#


You could see an adder, a hobgoblin, 3 goblins and a rat.

Vanquished Creatures
  2 bats (D:1)
  8 goblins
  2 hobgoblins (D:2)
  A quokka (D:2)
  2 kobolds (D:1)
  3 rats (D:1)
18 creatures vanquished.

Notes
Turn   | Place    | Note
-------+----------+-------------------------------------------
     0 | D:1      | BrokenGlass the Octopode Wanderer began the quest for the Orb.
     0 | D:1      | BrokenGlass set off with: a +2 dagger, a scroll of fear, a +0 shortbow, 25 arrows, a potion of curing, a ration
     0 | D:1      | Reached XP level 1. HP: 13/13 MP: 2/2
   148 | D:1      | Reached XP level 2. HP: 17/19 MP: 3/3
   523 | D:1      | Found a sparkling altar of Nemelex Xobeh.
   935 | D:2      | Noticed Robin
   941 | D:2      | HP: 1/20 [dart slug/slug dart (4)]
   965 | D:2      | HP: 1/20 [hobgoblin/club[Robin] (2)]
   965 | D:2      | Slain by a goblin

Skill      XL: |  1 |
---------------+----+-----
Fighting       | 2 |  2.7
Bows           | |  2.0
Stealth        | |  1.3
Spellcasting   | |  1.0
Hexes          | |  1.0
Transmutations | |  3.0
Evocations     | |  1.1

Action                   || total
-------------------------++-------
Melee: Dagger            ||    26
       Tentacles         ||     5
       Constrict         ||     7
 Fire: Shortbow          ||     9
  Use: Potion            ||     1
 Stab: Sleeping          ||     2
Armor: Skin              ||     3
Dodge: Dodged            ||    18
